 Dungeon Crawl Stone Soup version 0.17.1-1-g73c8601 (webtiles) character file.

13264 shmeve the Fighter (level 11, -2/150 (151) HPs)
             Began as a Minotaur Berserker on Apr 28, 2016.
             Was the Champion of Trog.
             Slain by an orc warrior
             ... wielding a +0 mace
              (9 damage)
             ... on level 3 of the Orcish Mines.
             The game lasted 00:22:14 (8181 turns).

shmeve the Fighter (Minotaur Berserker)             Turns: 8181, Time: 00:22:14

HP:   -2/150 (151)  AC: 21    Str: 35    XL:     11   Next: 73%
MP:   10/10         EV: 15    Int:  5    God:    Trog [******]
Gold: 978           SH: 13    Dex: 10    Spells: 0 memorised, 10 levels left

rFire  . . .     SeeInvis .     n - +0 war axe
rCold  . . .     Clarity  .     g - +0 plate armour
rNeg   . . .     SustAt   .     t - +0 shield
rPois  .         Gourm    .     (helmet restricted)
rElec  .         Spirit   .     q - +1 cloak
rCorr  .         Warding  .     f - +2 pair of gloves
rMut   .         Stasis   .     y - +0 pair of boots
MR     .....                    D - amulet of faith
Stlth  ..........               o - +6 ring of strength
                                i - +4 ring of evasion

@: berserking, very quick, not resistant to hostile enchantments, extremely
unstealthy
A: retaliatory headbutt, horns 2
a: Berserk, Trog's Hand, Brothers in Arms, Burn Spellbooks, Renounce Religion


You were on level 3 of the Orcish Mines.
You worshipped Trog.
Trog was exalted by your worship.
You were hungry.

You visited 3 branches of the dungeon, and saw 13 of its levels.
You also visited: Ossuary.

You collected 978 gold pieces.

Inventory:

Hand Weapons
 n - a +0 war axe (weapon)
Missiles
 u - 3 javelins of penetration
 B - 2 javelins of returning (quivered)
Armour
 f - a +2 pair of gloves (worn)
 g - a +0 plate armour (worn)
 q - a +1 cloak (worn)
 t - a +0 shield (worn)
 y - a +0 pair of boots (worn)
Jewellery
 i - a +4 ring of evasion (left hand)
 o - a +6 ring of strength (right hand)
 v - an uncursed ring of poison resistance {unknown}
 D - an amulet of faith (around neck)
Wands
 H - a wand of cold (2)
 I - a wand of slowing (24)
Scrolls
 d - 8 scrolls of teleportation
 j - 6 scrolls of identify
 m - a scroll of blinking {unknown}
 p - 2 scrolls of recharging
 w - a scroll of fog
 z - a scroll of random uselessness {unknown}
 C - a scroll of acquirement {unknown}
 G - 2 scrolls of enchant weapon {unknown}
 J - a scroll of remove curse
Potions
 b - 2 potions of might
 e - 3 potions of mutation
 h - 4 potions of heal wounds
 k - 2 potions of brilliance
 l - 2 potions of haste
 r - 3 potions of cancellation
 s - 2 potions of cure mutation {unknown}
 x - 10 potions of curing
 A - 3 potions of agility
 E - 3 potions of berserk rage
 F - a potion of resistance {unknown}
Comestibles
 a - 5 meat rations
 c - 11 bread rations


   Skills:
 * Level 10.4 Fighting
 * Level 10.2 Axes
 + Level 5.5 Throwing
 + Level 9.7 Armour
 + Level 9.0 Dodging
 * Level 10.3 Shields


You had 10 spell levels left.
You didn't know any spells.

Dungeon Overview and Level Annotations

Branches:
Dungeon (9/15)             Temple (1/1) D:4             Orc (3/4) D:9
   Lair: D:8-11         Elf: Orc:3-4

Altars:
Ashenzari
Cheibriados
Dithmenos
Fedhas
Gozag
Kikubaaqudgha
Makhleb
Nemelex Xobeh
Okawaru
Qazlal
Ru
Sif Muna
Trog
Vehumet
Xom
Yredelemnul
Zin
Lugonu

Shops:
Orc:2 [

Portals:
Volcano: Orc:3

Annotations:
Orc:3 Josephine


Innate Abilities, Weirdness & Mutations

You reflexively headbutt those who attack you in melee.
You have a pair of horns on your head.


Message History

You block the wraith's attack.
A red film seems to cover your vision as you go berserk!
You feel yourself moving faster!
You feel mighty!
You are feeling hungry.
You block Josephine's attack. The wraith closely misses you.
You hit the orc warrior but do no damage.
Your headbutt misses the orc warrior. You slash Josephine!
Josephine is severely wounded.
You slash the wraith!
You destroy the wraith!
You block the orc warrior's attack. You block Josephine's attack.
The orc priest calls down the wrath of Beogh upon you.
Something smites you!
* * * LOW HITPOINT WARNING * * *
An orc wizard comes into view. It is wielding a dagger.
You hit Josephine. You headbutt Josephine!
Josephine is almost dead.
You closely miss the orc warrior. You block Josephine's attack.
The orc warrior hits you with a mace!
You die...

......#.....
♣.......o....
.♣.....o...#
............
##...........
##..........#
#...o@#....#.
##....@.......
#......##.#...
#......#..### ####..
##.####.....####.#...
# #......#.......
##.##..........##
##...#...........#
#..........#.....##
##................#


You could see Josephine, an orc warrior, an orc priest and an orc wizard.

Vanquished Creatures
  The ghost of Arivia the Geomancer, a journeyman GrEE of Vehumet (Orc:3)
  Snorg (Orc:3)
  Erolcha (D:9)
  The ghost of pesado the Grappler, a novice GrMo of Cheibriados (D:9)
  The ghost of msp the Grappler, a novice TrBe of Trog (D:8)
  A griffon (D:7)
  An orc sorcerer (Orc:3)
  A troll (Orc:2)
  A two-headed ogre (D:9)
  4 polar bears (D:7)
  Prince Ribbit (D:7)
  A spriggan (D:7)
  6 yaks (D:9)
  2 wraiths (Orc:3)
  3 hogs (D:7)
  A hungry ghost (D:7)
  A wyvern (D:9)
  2 hippogriffs (D:7)
  4 wargs
  Duvessa (D:6)
  2 ice beasts
  4 black bears (D:7)
  A necrophage (D:6)
  4 sky beasts
  6 orc warriors
  A wasp (D:8)
  3 ogres
  A centaur (D:5)
  6 giant frogs
  Dowan (D:6)
  3 water moccasin zombies (Ossuary)
  5 scorpions
  3 killer bees (D:9)
  A quasit (D:7)
  5 crimson imps
  2 orc priests
  3 giant frog skeletons
  3 jellies
  3 orc wizards
  6 worker ants
  5 centaur skeletons
  2 iguanas (D:8)
  5 hounds
  4 big kobold zombies (Ossuary)
  2 sheep (D:7)
  2 hound zombies
  2 mummies (Ossuary)
  Robin (D:2)
  8 adders
  4 gnolls (D:6)
  2 shadow imps
  3 oozes
  2 adder skeletons (D:9)
  2 adder zombies (Ossuary)
  A worm (D:6)
  A giant gecko (D:6)
  64 orcs
  4 ball pythons
  3 bats
  2 giant cockroaches (D:2)
  5 gnoll zombies (Ossuary)
  17 goblins
  11 hobgoblins
  4 jackals
  7 kobolds
  2 quokkas
  9 giant newts
  3 hobgoblin zombies (Ossuary)
  4 kobold zombies (Ossuary)
  3 orc zombies (Ossuary)
  A quokka skeleton (D:7)
  6 rats
289 creatures vanquished.

Vanquished Creatures (others)
  5 sheep (D:3)
5 creatures vanquished.

Grand Total: 294 creatures vanquished

Notes
Turn   | Place    | Note
--------------------------------------------------------------
     0 | D:1      | shmeve the Minotaur Berserker began the quest for the Orb.
     0 | D:1      | Reached XP level 1. HP: 19/19 MP: 0/0
    88 | D:1      | Reached XP level 2. HP: 16/27 MP: 1/1
   199 | D:1      | Reached skill level 4 in Fighting
   368 | D:1      | Reached ** piety under Trog
   580 | D:1      | Reached XP level 3. HP: 33/33 MP: 2/2
   768 | D:2      | Noticed Robin
   783 | D:2      | Killed Robin
   783 | D:2      | Reached skill level 1 in Throwing
   834 | D:2      | Reached XP level 4. HP: 31/41 MP: 3/3
   849 | D:2      | Found a basalt altar of Yredelemnul.
   970 | D:2      | Found a faded altar to an unknown god.
   976 | D:2      | Reached *** piety under Trog
  1482 | D:3      | Found an ancient bone altar of Kikubaaqudgha.
  1542 | D:3      | Reached XP level 5. HP: 47/47 MP: 4/4
  1597 | D:3      | Found a shimmering altar of Xom.
  1731 | D:3      | Reached **** piety under Trog
  1827 | D:3      | Found a sacrificial altar of Ru.
  1910 | D:4      | Found a staircase to the Ecumenical Temple.
  1934 | D:4      | Reached skill level 5 in Fighting
  1950 | D:4      | Reached XP level 6. HP: 51/56 MP: 5/5
  2276 | D:4      | Found a shadowy altar of Dithmenos.
  2288 | D:4      | Reached skill level 5 in Axes
  2509 | D:4      | Found a bloodstained altar of Trog.
  2510 | D:4      | Found an iron altar of Okawaru.
  2551 | Temple   | Entered the Ecumenical Temple
  2626 | D:5      | Entered Level 5 of the Dungeon
  2706 | D:5      | Found a sand-covered staircase.
  2711 | Ossuary  | Entered an ossuary
  2786 | Ossuary  | Reached skill level 5 in Armour
  2805 | Ossuary  | Reached XP level 7. HP: 56/61 MP: 6/6
  3633 | D:5      | Reached skill level 6 in Fighting
  3822 | D:6      | Reached skill level 5 in Dodging
  3878 | D:6      | Found a snail-covered altar of Cheibriados.
  3924 | D:6      | Noticed Dowan
  3925 | D:6      | Noticed Duvessa
  3935 | D:6      | Killed Duvessa
  3937 | D:6      | Killed Dowan
  3937 | D:6      | Reached XP level 8. HP: 62/71 MP: 7/7
  4078 | D:6      | Found a sacrificial altar of Ru.
  4228 | D:6      | Reached ***** piety under Trog
  4268 | D:6      | Reached skill level 7 in Fighting
  4545 | D:7      | Found a huge runed gate.
  4546 | D:7      | Noticed a polar bear
  4546 | D:7      | Noticed a griffon
  4546 | D:7      | Found a huge runed gate.
  4546 | D:7      | Found a huge runed gate.
  4546 | D:7      | Found a huge runed gate.
  4547 | D:7      | Noticed a polar bear
  4549 | D:7      | Noticed a polar bear
  4549 | D:7      | Noticed a polar bear
  4576 | D:7      | Killed a griffon
  4576 | D:7      | Reached XP level 9. HP: 79/79 MP: 8/8
  4580 | D:7      | Killed a polar bear
  4580 | D:7      | Reached skill level 8 in Fighting
  4582 | D:7      | Killed a polar bear
  4582 | D:7      | Received a gift from Trog
  4587 | D:7      | Killed a polar bear
  4594 | D:7      | Killed a polar bear
  4594 | D:7      | Reached XP level 10. HP: 59/89 MP: 9/9
  4719 | D:7      | Reached skill level 9 in Fighting
  5150 | D:7      | Received a gift from Trog
  5380 | D:7      | Found an opulent altar of Gozag.
  5380 | D:7      | Found a shattered altar of Ashenzari.
  5448 | D:7      | Reached skill level 5 in Shields
  5531 | D:7      | Noticed Prince Ribbit
  5638 | D:7      | Killed Prince Ribbit
  5989 | D:8      | Found a blossoming altar of Fedhas.
  6047 | D:8      | Noticed msp's ghost (novice TrBe)
  6061 | D:8      | Killed msp's ghost
  6511 | D:9      | Noticed pesado's ghost (novice GrMo)
  6515 | D:9      | Killed pesado's ghost
  6591 | D:9      | Reached XP level 11. HP: 96/96 MP: 10/10
  6613 | D:9      | Found a staircase to the Orcish Mines.
  6664 | D:9      | Noticed Erolcha
  6679 | D:9      | Killed Erolcha
  6797 | D:9      | Reached skill level 5 in Throwing
  7256 | Orc:1    | Entered Level 1 of the Orcish Mines
  7295 | Orc:1    | Received a gift from Trog
  7459 | Orc:2    | Reached ****** piety under Trog
  7459 | Orc:2    | Reached skill level 10 in Fighting
  7571 | Orc:2    | Found Oddab's Armour Shop.
  7837 | Orc:3    | Noticed Arivia's ghost (journeyman GrEE)
  7856 | Orc:3    | Killed Arivia's ghost
  7856 | Orc:3    | Reached skill level 10 in Shields
  7900 | Orc:3    | Noticed Snorg
  7913 | Orc:3    | Killed Snorg
  7913 | Orc:3    | Reached skill level 10 in Axes
  7920 | Orc:3    | Found a dark tunnel.
  8158 | Orc:3    | Noticed Josephine
  8180 | Orc:3    | HP: 6/150 [orc priest/divine providence (9)]
  8181 | Orc:3    | Slain by an orc warrior

Action                   |  1- 3 |  4- 6 |  7- 9 | 10-12 || total
-------------------------+-------+-------+-------+-------++-------
Melee: Hand axe          |    70 |    28 |       |       ||    98
       War axe           |       |   113 |   145 |   316 ||   574
Throw: Javelin           |       |       |       |    36 ||    36
Invok: Burn Spellbooks   |       |     1 |     1 |     3 ||     5
       Trog's Hand       |       |       |     2 |     3 ||     5
       Berserk           |       |       |     1 |     4 ||     5
  Use: Scroll            |       |    15 |     6 |       ||    21
  Eat: Chunk             |       |     5 |     4 |    16 ||    25
       Beef jerky        |       |       |     2 |     1 ||     3
